AoeStats
← AntyDeath

Arabia

503586528Analyzed
1v1 RM · 1mo ago on Sep 1, 2026· 28m 37s· 2 players
Game mode
Random Map
Map size
Tiny (2 player)
Population
200
Speed
Normal
Resources
Standard
Victory
Conquest
Starting age
Dark Age
Ending age
Imperial Age
RankedLock teamsTeams togetherTeam positionsShared explorationLock speedFull tech treeHidden civsTurbo modeCheats
Victory
Defeat
🇦🇹 Celts · Austria
655
+17
🇦🇺 Inca · Australia
671
-17
aboodeh
10:35 Feudal Age
14:33 Man-at-Arms
15:53 Forging
15:43 Double-Bit Axe
19:18 Horse Collar
24:20 Castle Age
23:02 Scale Mail Armor
23:46 Fletching
25:38 Heavy Plow
25:12 Long Swordsman
28:23 Iron Casting
28:11 Bow Saw
AntyDeath
11:26 Feudal Age
19:54 Padded Archer Armor
21:37 Fletching
22:43 Scale Mail Armor
22:56 Forging
22:46 Scale Mail Armor
22:11 Champi Runner
25:19 Loom
27:39 Castle Age
Connection lost

Rejoining the realm…

Still unreachable

The connection could not be restored.

Session expired

The server has moved on; the page needs a fresh start.